← All builds
Suicide front / Armada / Factory first / OBSERVED BUILD

Standard suicide front

Armada Suicide front build order · Supreme Isthmus

The role's standard play: bot lab first, Rocketeer/Centurion/Pawn based force pushes into the middle to contest and hold it until T2 arrives.

Usually lab first (63%)

#rush #push · 1309 distinct matches · 127 players · 71% of Armada Suicide front games · team won 59% of 1550 · Recently observed

HOW TO PLAY IT

Key timing: Bot Lab by 0:20

  1. Open with mex and wind, drop Bot Lab immediately.
  2. Push out first "Centurion" as Pond's boost lands.
  3. Send "Rocketeer", "Centurion", "Pawn" mix to contest middle.
  4. Add Dragon's Teeth and Sentries to hold the line.
  5. Get Advanced Metal Extractor up as T2 nears.

Phase by phase

TYPICAL OF ITS 1309 GAMES
  1. 1
  2. 2
  3. 3
PLAY THE OPENING

Follow the example game's first 6:00 step by step: what to build now, what comes next, and where it goes. At 1× it keeps pace with your own game.

  1. 1

    Bot Lab first

    Order
    1. Bot LabBot Lab done ~0:20, middle half 0:20–0:33

    Some games also: mex (37%)

  2. 2

    Bot Lab to 5:00

    Economy
    • Metal Extractor5Mex
    • Wind Turbine4Wind
    Builders
    • Construction Bot3 Con bot
    • Lazarus2 Lazarus
    Army
    • Sentry4 Sentry
    • Rocketeer17 Rocketeer
    • Tick2 Tick
    • Centurion1 Centurion
    Other
    • Radar Tower1 Radar Tower

    Some games also: con turret (35%) · pawn (33%)

    By 5:00 in all: 5 mex · 4 wind

    The example game in this phase · 36 steps
    1. Mex
    2. Wind
    3. CenturionCenturion
    4. Wind ×2
    5. Mex ×2
    6. Construction BotCon bot
    7. SentrySentry
    8. Construction BotCon bot
    9. LazarusLazarus
    10. Mex
    11. LazarusLazarus
    12. Mex
    13. Construction BotCon bot
    14. SentrySentry
    15. Radar TowerRadar Tower
    16. RocketeerRocketeer ×2
    17. SentrySentry
    18. RocketeerRocketeer
    19. SentrySentry
    20. RocketeerRocketeer ×2
    21. Wind
    22. RocketeerRocketeer ×2
    23. Wind
    24. RocketeerRocketeer ×3
    25. Wind
    26. RocketeerRocketeer
    27. SentrySentry
    28. RocketeerRocketeer ×2
    29. Wind
    30. RocketeerRocketeer ×2
    31. Wind
    32. CenturionCenturion
    33. Radar TowerRadar Tower
    34. CenturionCenturion
    35. Wind
    36. Construction BotCon bot
  3. 3

    5:00 to 10:00

    Economy
    • Metal Extractor1Mex
    • Wind Turbine17Wind
    Builders
    • Construction Turret2 Con turret
    • Lazarus2 Lazarus
    • Construction Bot1 Con bot
    Army
    • Sentry1 Sentry
    • Rocketeer8 Rocketeer
    • Pawn1 Pawn

    Some games also: tick (47%) · Radar Tower (46%) · energy storage (46%) · centurion (45%) · Beamer (39%)

    By 10:00 in all: 6 mex · 23 wind · 1 energy storage · 3 con turret

    The example game in this phase · 89 steps
    1. Wind
    2. Construction BotCon bot
    3. LazarusLazarus
    4. Wind
    5. LazarusLazarus
    6. Construction BotCon bot
    7. RocketeerRocketeer
    8. Wind
    9. RocketeerRocketeer ×2
    10. SentrySentry
    11. RocketeerRocketeer ×3
    12. Wind
    13. RocketeerRocketeer
    14. Radar TowerRadar Tower
    15. RocketeerRocketeer ×2
    16. Wind
    17. RocketeerRocketeer ×4
    18. Wind
    19. RocketeerRocketeer ×2
    20. CenturionCenturion
    21. Wind
    22. Converter
    23. CenturionCenturion
    24. Wind
    25. Construction BotCon bot
    26. Wind
    27. Construction BotCon bot
    28. Wind
    29. LazarusLazarus
    30. Converter
    31. LazarusLazarus
    32. Wind ×2
    33. Construction BotCon bot
    34. PawnPawn ×4
    35. Wind
    36. PawnPawn
    37. Wind
    38. Converter
    39. PawnPawn ×4
    40. Wind
    41. Con turret
    42. Wind
    43. PawnPawn
    44. Converter
    45. PawnPawn
    46. Wind ×2
    47. PawnPawn ×5
    48. Wind ×2
    49. PawnPawn
    50. Con turret
    51. PawnPawn
    52. Converter
    53. PawnPawn ×3
    54. Wind ×2
    55. PawnPawn ×4
    56. Con turret
    57. PawnPawn
    58. Wind
    59. Converter
    60. PawnPawn
    61. Wind
    62. PawnPawn ×2
    63. Wind
    64. PawnPawn
    65. Wind ×2
    66. PawnPawn
    67. Advanced Metal ExtractorT2 mexdone 11:48 · typical 9:36
    68. Wind
    69. Converter
    70. Wind ×2
    71. Converter
    72. Wind
    73. Advanced Metal ExtractorT2 mex
    74. Wind
    75. PawnPawn
    76. Wind ×3
    77. Converter
    78. Wind ×2
    79. Advanced Metal ExtractorT2 mex
    80. Converter
    81. Wind ×5
    82. Converter
    83. Wind
    84. Converter
    85. Wind ×3
    86. Converter
    87. Wind ×4
    88. Converter
    89. Wind

Counts are medians over the build's games: half of them build more, half fewer. The example game is PixelPeeker's (43 OS, 05/09/2026); pick another.

Team trades

IN AT LEAST 30% OF ITS GAMES

You hand over

Nothing regular.

You get

  • Tidal Generator4 Tidal from Pondfirst at 0:10 · in 69% of games
  • Advanced Construction Bot1 T2 con bot from Geo or Techfirst at 7:30 · in 59% of games

How it plays out

Typical game of this build, running totals by minute

Metal produced

010k20k30k
0:005:0010:0015:00

metal

Enemy metal destroyed

05k10k
0:005:0010:0015:00

metal

Own metal lost

05k10k
0:005:0010:0015:00

metal

1550 games.

Show as table
ByMetal produced: This buildEnemy metal destroyed: This buildOwn metal lost: This build
1:0022600
2:0088900
3:002051180106
4:003161660496
5:00424314171026
6:00543423001787
7:00667231752706
8:00792440303613
9:00931647974495
10:001069854325318
11:001225359116059
12:001410665186829
13:001622670297536
14:001809577098373
15:002043283489240
WHAT THE NUMBERS SAY

Standard suicide front play wins slightly more than half its games with fast kills but also fast losses, matching the raw grind of the role.

  • + First kill lands by 2:04 in all games
  • + Metal produced reaches 19882 by 15:00
  • − Own metal lost hits 9208 by 15:00, near metal destroyed of 8172
  • − First unit lost as early as 2:08 in every game
THE EXAMPLE YOU ARE READING

PixelPeeker

42.6 OS · 05/09/2026

Open source match ↗

6 received units · includes a constructor
56 metal received · 11627 energy received

Allied construction assistance is unknown. Timings are observations, not a promise of solo reproducibility.

Typical milestones

Bot Lab0:20Middle 50%: 0:20–0:33 · n=1543
Advanced Metal Extractor9:36Middle 50%: 8:42–10:48 · n=1143

Played most by

_X_253games of this buildPlatinumBlonde181games of this buildXad127games of this buildImmort74games of this buildwatermeloans60games of this build